 Dungeon Sprint DCSS version 0.20-a0-1050-g57248f3 (webtiles) character file.

9233 Kidiri the Eclecticist (level 11, -12/68 HPs)
             Began as a Deep Elf Fire Elementalist on Apr 25, 2017.
             Was the Champion of Vehumet.
             Mangled by Rupert
             ... wielding a +3 great sword of holy wrath
              (20 damage)
             ... in the Dungeon (Sprint III: "The Ten Rune Challenge").
             The game lasted 00:24:27 (3252 turns).

Kidiri the Eclecticist (Deep Elf Fire Elementalist) Turns: 3252, Time: 00:24:28

Health: -12/68     AC:  2    Str:  5    XL:     11   Next: 20%
Magic:  14/33      EV: 20    Int: 24    God:    Vehumet [******]
Gold:   9          SH:  0    Dex: 15    Spells: 11/43 levels left

rFire    + . .     SeeInvis .   w - +0 dagger
rCold    + . .     Gourm    .   (no shield)
rNeg     . . .     Faith    .   t - -2 robe (curse)
rPois    .         Spirit   .   (helmet restricted)
rElec    .         Reflect  .   (no cloak)
rCorr    .         Harm     .   (no gloves)
MR       +....     NoTele   +   l - +0 pair of boots
Stlth    ++........             (no amulet)
Regen    0.3/turn               (no ring)
MPRegen  0.3/turn               (no ring)

@: exhausted, very slightly contaminated, slowed, very slow
A: horns 1, cold resistance 1, fire resistance 1
a: Renounce Religion


You were in the Dungeon.
You worshipped Vehumet.
Vehumet was exalted by your worship.
You were full.

You visited 1 branch You collected 9 gold pieces.

Inventory:

Hand Weapons
 w - a +0 dagger (weapon)
Armour
 a - a +0 robe
 l - a +0 pair of boots (worn)
 t - a cursed -2 robe (worn)
Wands
 u - a wand of disintegration (8/24)
Scrolls
 n - a scroll of immolation
 o - a scroll of recharging
 q - a scroll of holy word
Potions
 g - 2 potions of magic
 k - a potion of might
 m - 3 potions of mutation
 s - 2 potions of flight
Comestibles
 b - 6 chunks of flesh
 r - 30 royal jellies


   Skills:
 + Level 8.0 Fighting
 + Level 7.2 Short Blades
 + Level 8.1 Armour
 + Level 11.4 Dodging
 - Level 2.4 Stealth
 * Level 16.8 Spellcasting
 + Level 10.5 Conjurations
 + Level 10.8 Fire Magic
 + Level 7.6 Ice Magic
 + Level 0.0 Air Magic
 + Level 7.7 Poison Magic


You had 11 spell levels left.
You knew the following spells:

 Your Spells              Type           Power        Failure   Level  Hunger
a - Flame Tongue          Conj/Fire      #####        1%          1    None
b - Throw Flame           Conj/Fire      ######       1%          2    None
c - Conjure Flame         Conj/Fire      ######..     1%          3    None
d - Inner Flame           Hex/Fire       #####...     1%          3    None
e - Sticky Flame          Conj/Fire      ######..     1%          4    None
f - Fireball              Conj/Fire      ######....   1%          5    None
g - Ignite Poison         Fire/Tmut/Pois ######..     1%          3    None
h - Throw Frost           Conj/Ice       ######       1%          2    None
i - Airstrike             Air            ###.......   7%          4    None
j - Sting                 Conj/Pois      ####         1%          1    None
k - Olgreb's Toxic Radia  Pois           ######..     1%          4    None


Dungeon Overview and Level Annotations

Branches:
Dungeon (1/1)

Altars:
Cheibriados
Dithmenos
Elyvilon
Fedhas
Gozag
Hepliaklqana
Kikubaaqudgha
Makhleb
Nemelex Xobeh
Okawaru
Qazlal
Ru
Sif Muna
Trog
Uskayaw
Vehumet
Wu Jian
Xom
Yredelemnul
Zin
The Shining One
Beogh
Jiyva
Lugonu

Annotations:
D exclusion: 3 doors, Rupert


Innate Abilities, Weirdness & Mutations

You have a pair of small horns on your head.
Your flesh is cold resistant. (rC+)
Your flesh is heat resistant. (rF+)


Message History

A red film seems to cover your vision as you go berserk!
You feel yourself moving faster!
You feel mighty!
You feel a strong urge to attack something.
Rupert is engulfed in a cloud of scalding steam.
Rupert rages.
There is an open door to the Lair of Beasts here.
You feel your anger subside.
You are no longer berserk.
You are exhausted.
You feel yourself slow down.
Casting: Flame Tongue
Confirm with . or Enter, or press ? or * to list all spells.
Aiming: Sticky Flame
Press: ? - help, Shift-Dir - straight line, f/p - Rupert
Aim: Rupert, wielding a great sword of holy wrath and wearing a leather armour (severely wounded, berserk, fast, unusually strong)
The sticky flame hits Rupert.
Rupert is severely wounded.
Rupert is covered in liquid flames!
Rupert burns! x2
Rupert hits you with a great sword of holy wrath!!
You die...

.# .# '#
.#+###########################
.#..).#.#.#.....#......+%%.≈≈#
.##)#..#.##.###.#......#.%%≈≈###
.'##.#.#.##)#.)##......#.%%≈≈≈≈#
.#...#..#..##..'.(.....#%.%≈≈%≈#
▓▓▓▓▓▓▓▓▓▓▓▓▓▓▓#@.(....#...%%%.#
≈........≈≈≈...#@......#..%%.%.#
≈≈≈≈≈≈≈≈≈≈≈♣♣P.'.......#%.%%...#
♣♣♣♣♣♣♣♣♣♣♣♣♣PP#.....(.#########
♣♣♣##+###### ♣♣♣ ..## ##.# #(##+


You could see Rupert (berserk).

Vanquished Creatures
  Erolcha (D)
  Urug (D)
  A lindwurm (D)
  A deep elf mage (D)
  2 spiny frogs (D)
  A komodo dragon (D)
  A rime drake (D)
  A queen bee (D)
  2 tyrant leeches (D)
  3 wandering mushrooms (D)
  5 blink frogs (D)
  5 redbacks (D)
  A shadow (D)
  A spatial vortex (D)
  A swamp drake (D)
  A necrophage (D)
  5 two-headed ogres (D)
  A water elemental (D)
  32 killer bees (D)
  A jelly (D)
  A wizard (D)
  A necromancer (D)
  3 humans (D)
  A kobold demonologist (D)
  An ooze (D)
  A phantom (D)
  3 rats (D)
78 creatures vanquished.

Vanquished Creatures (others)
  2 draconian scorchers (D)
  2 yaktaurs (D)
  6 hellions (D)
10 creatures vanquished.

Grand Total: 88 creatures vanquished

Notes
Turn   | Place    | Note
-------+----------+-------------------------------------------
     0 | D        | Kidiri the Deep Elf Fire Elementalist began the quest for the Orb.
     0 | D        | Reached XP level 1. HP: 10/10 MP: 6/6
     5 | D        | Reached skill level 4 in Spellcasting
    64 | D        | Reached skill level 1 in Fighting
    80 | D        | Killed a hellion
    86 | D        | Killed a hellion
   112 | D        | Reached skill level 1 in Armour
   112 | D        | Reached skill level 5 in Spellcasting
   112 | D        | Reached XP level 2. HP: 9/16 MP: 0/10
   116 | D        | Learned a level 2 spell: Throw Flame
   142 | D        | Killed a white draconian scorcher
   148 | D        | Killed a yaktaur
   171 | D        | Killed a white draconian scorcher
   257 | D        | Killed a hellion
   261 | D        | Reached XP level 3. HP: 20/20 MP: 6/11
   266 | D        | Learned a level 3 spell: Conjure Flame
   270 | D        | Learned a level 3 spell: Inner Flame
   288 | D        | Gained mutation: Your flesh is cold resistant. (rC+) [potion of mutation]
   288 | D        | Gained mutation: Your flesh is heat resistant. (rF+) [potion of mutation]
   288 | D        | Gained mutation: You have a pair of small horns on your head. [potion of mutation]
   318 | D        | Killed a hellion
   321 | D        | Noticed a water elemental
   324 | D        | Killed a water elemental
   324 | D        | Reached skill level 6 in Spellcasting
   324 | D        | Reached XP level 4. HP: 25/27 MP: 7/14
   330 | D        | Learned a level 4 spell: Sticky Flame
   369 | D        | Killed a hellion
   369 | D        | Killed a hellion
   381 | D        | Found a radiant altar of Vehumet.
   382 | D        | Found a deep blue altar of Sif Muna.
   382 | D        | Found an ancient bone altar of Kikubaaqudgha.
   382 | D        | Noticed a wizard
   383 | D        | Killed a wizard
   383 | D        | Reached skill level 7 in Spellcasting
   383 | D        | Reached skill level 5 in Fire Magic
   503 | D        | Became a worshipper of Vehumet
   513 | D        | Found a glowing silver altar of Zin.
   514 | D        | Found a glowing golden altar of the Shining One.
   514 | D        | Found a white marble altar of Elyvilon.
   514 | D        | Noticed a deep elf mage
   520 | D        | Noticed a rust devil
   520 | D        | Killed a deep elf mage
   520 | D        | Reached skill level 10 in Spellcasting
   520 | D        | Reached XP level 5. HP: 34/34 MP: 10/20
   520 | D        | Reached XP level 6. HP: 39/39 MP: 10/21
   527 | D        | Learned a level 5 spell: Fireball
   583 | D        | Found a hide-covered altar of Uskayaw.
   583 | D        | Found a roughly hewn altar of Beogh.
   583 | D        | Found an iron altar of Okawaru.
   583 | D        | Found a bloodstained altar of Trog.
   583 | D        | Found an ornate altar of the Wu Jian Council.
   583 | D        | Noticed a human
   586 | D        | Noticed a human
   586 | D        | Killed a human
   586 | D        | Reached skill level 11 in Spellcasting
   586 | D        | Reached XP level 7. HP: 44/44 MP: 12/23
   593 | D        | Killed a human
   593 | D        | Reached * piety under Vehumet
   593 | D        | Offered knowledge of Sting by Vehumet.
   593 | D        | Reached skill level 5 in Fighting
   593 | D        | Reached skill level 5 in Armour
   596 | D        | Learned a level 1 spell: Sting
   716 | D        | Found a basalt altar of Yredelemnul.
   716 | D        | Found a shadowy altar of Dithmenos.
   716 | D        | Found a sacrificial altar of Ru.
   722 | D        | Reached skill level 12 in Spellcasting
   724 | D        | Reached skill level 1 in Short Blades
   750 | D        | Noticed a shadow
   754 | D        | Offered knowledge of Throw Frost by Vehumet.
   754 | D        | Reached ** piety under Vehumet
   759 | D        | Killed a shadow
   759 | D        | Reached skill level 1 in Poison Magic
   759 | D        | Reached XP level 8. HP: 50/50 MP: 7/26
   763 | D        | Learned a level 2 spell: Throw Frost
   859 | D        | Found a blossoming altar of Fedhas.
   859 | D        | Found a stormy altar of Qazlal.
   859 | D        | Found a snail-covered altar of Cheibriados.
   859 | D        | Found a burning altar of Makhleb.
   859 | D        | Found a shimmering altar of Xom.
   860 | D        | Found a hazy altar of Hepliaklqana.
   860 | D        | Found an opulent altar of Gozag.
   860 | D        | Found a sparkling altar of Nemelex Xobeh.
   860 | D        | Found a corrupted altar of Lugonu.
   860 | D        | Found a viscous altar of Jiyva.
   968 | D        | Offered knowledge of Ignite Poison by Vehumet.
   968 | D        | Reached skill level 1 in Ice Magic
   968 | D        | Reached *** piety under Vehumet
   973 | D        | Learned a level 3 spell: Ignite Poison
  1118 | D        | Noticed a two-headed ogre
  1124 | D        | Killed a two-headed ogre
  1124 | D        | Offered knowledge of Olgreb's Toxic Radiance by Vehumet.
  1124 | D        | Reached skill level 13 in Spellcasting
  1130 | D        | Learned a level 4 spell: Olgreb's Toxic Radiance
  1197 | D        | Noticed Erolcha
  1199 | D        | Noticed a two-headed ogre
  1203 | D        | Killed a two-headed ogre
  1224 | D        | Killed Erolcha
  1224 | D        | Reached **** piety under Vehumet
  1224 | D        | Reached XP level 9. HP: 35/56 MP: 13/28
  1347 | D        | Offered knowledge of Lee's Rapid Deconstruction by Vehumet.
  1347 | D        | Reached skill level 14 in Spellcasting
  1415 | D        | Noticed a queen bee
  1417 | D        | Reached ***** piety under Vehumet
  1417 | D        | Reached skill level 5 in Poison Magic
  1417 | D        | Reached skill level 5 in Short Blades
  1417 | D        | Reached skill level 5 in Ice Magic
  1417 | D        | Reached ****** piety under Vehumet
  1417 | D        | Reached skill level 10 in Dodging
  1417 | D        | Reached XP level 10. HP: 53/61 MP: 30/30
  1417 | D        | Reached skill level 15 in Spellcasting
  1537 | D        | Offered knowledge of Airstrike by Vehumet.
  1543 | D        | Learned a level 4 spell: Airstrike
  1617 | D        | Noticed a spiny frog
  1617 | D        | Noticed a spiny frog
  1620 | D        | Reached skill level 10 in Fire Magic
  1624 | D        | Killed a spiny frog
  1626 | D        | Killed a spiny frog
  1914 | D        | Offered knowledge of Iskenderun's Mystic Blast by Vehumet.
  1914 | D        | Reached skill level 16 in Spellcasting
  1914 | D        | Reached skill level 10 in Conjurations
  1965 | D        | Noticed a lindwurm
  1974 | D        | Killed a lindwurm
  2515 | D        | Noticed Urug
  2891 | D        | Killed Urug
  2891 | D        | Reached XP level 11. HP: 26/68 MP: 20/33
  3131 | D        | Offered knowledge of Freezing Cloud by Vehumet.
  3208 | D        | Noticed Rupert
  3226 | D        | HP: 3/68 [Rupert/great sword of holy wrath (29)]
  3233 | D        | Paralysed by Rupert for 3 turns
  3252 | D        | Mangled by Rupert

Vault maps used:
D:        dungeon_sprint_mu

Skill      XL: |  1  2  3  4  5  6  7  8  9 10 11 |
---------------+----------------------------------+-----
Spellcasting   | 5 6 10 11 12 13 14 16 | 16.8
Fighting       | 1 2 4 5 6 7 8 |  8.0
Armour         | 1 2 4 5 6 7 8 |  8.1
Dodging        | 3 4 7 8 9 10 11 | 11.4
Conjurations   | 2 3 6 7 8 9 10 | 10.5
Fire Magic     | 4 7 9 10 | 10.8
Short Blades   | 2 4 5 6 7 |  7.2
Poison Magic   | 1 4 5 7 |  7.7
Ice Magic      | 4 5 7 |  7.6
Stealth        | |  2.4

Action                   |  1- 3 |  4- 6 |  7- 9 | 10-12 || total
-------------------------+-------+-------+-------+-------++-------
Melee: Dagger            |       |       |       |     5 ||     5
       Headbutt          |       |       |       |     2 ||     2
 Cast: Flame Tongue      |    17 |     5 |    47 |    38 ||   107
       Conjure Flame     |     1 |     1 |     5 |     7 ||    14
       Sticky Flame      |       |     3 |     7 |    13 ||    23
       Inner Flame       |       |       |     6 |       ||     6
       Fireball          |       |       |     2 |       ||     2
       Olgreb's Toxic Ra |       |       |     3 |     9 ||    12
       Ignite Poison     |       |       |     2 |    12 ||    14
       Throw Frost       |       |       |       |     3 ||     3
Evoke: Wand              |       |       |     1 |       ||     1
  Use: Scroll            |     3 |       |     1 |     1 ||     5
       Potion            |     1 |       |       |     6 ||     7
 Stab: Sleeping          |       |       |       |     2 ||     2
  Eat: Chunk             |       |       |     2 |       ||     2
       Bread ration      |       |       |       |     1 ||     1
       Meat ration       |       |       |       |     1 ||     1
Armor: Robe              |       |     1 |       |     3 ||     4
Dodge: Dodged            |     3 |     3 |    23 |    25 ||    54
